 Dungeon Crawl Stone Soup version 0.29-a0-221-gceb61267dd (webtiles) character file.

Game seed: 7207246835169421904

0 Aksej the Skirmisher (level 1, 0/18 HPs)
             Began as a Demonspawn Monk on Feb 26, 2022.
             Slain by a quokka (2 damage)
             ... on level 1 of the Dungeon.
             The game lasted 00:00:18 (133 turns).

Aksej the Skirmisher (Demonspawn Monk)               Turns: 133, Time: 00:00:19

Health: 0/18       AC:  2    Str: 11    XL:     1   Next: 8%
Magic:  1/1        EV: 12    Int: 11    God:
Gold:   23         SH:  0    Dex: 15    Spells: 0/0 levels left

rFire   . . .      SeeInvis .   a - +0 mace
rCold   . . .      Faith    .   (no shield)
rNeg    . . .      Spirit   .   b - +0 robe
rPois   .          Reflect  .   (no helmet)
rElec   .          Harm     .   (no cloak)
rCorr   .          Rampage  .   (no gloves)
Will    .....                   (no boots)
Stlth   ++........              (no amulet)
HPRegen 0.06/turn               (no ring)
MPRegen 0.07/turn               (no ring)

@: no status effects
A: no striking features
a: no special abilities


You were on level 1 of the Dungeon.
You visited 1 branch of the dungeon, and saw 1 of its levels.

You collected 23 gold pieces.

Inventory:

Hand Weapons
 a - a +0 mace (weapon)
Armour
 b - a +0 robe (worn)


   Skills:
 * Level 3.0 Fighting
 + Level 2.6 Maces & Flails
 + Level 2.6 Dodging
 + Level 1.7 Stealth


You couldn't memorise any spells.
You didn't know any spells.
Your spell library was empty.

Dungeon Overview and Level Annotations

Branches:
Dungeon (1/15)

Altars:


Message History

You open the door.
Found a stone staircase leading down.
There is an open door here.
You now have 16 gold pieces (gained 8).
You now have 23 gold pieces (gained 7).
You open the door.
Found a faded altar of an unknown god.
You open the door.
A bat and a quokka come into view.
The bat closely misses you.
There is an open door here.
Found 42 gold pieces.
The bat hits you. x2
The bat hits you but does no damage.
You hit the bat.
You kill the bat!
Found a glowing sapphire ring and 16 gold pieces.
The quokka twitches its whiskers.
The quokka bites you.
You barely miss the quokka. The quokka bites you.
You hit the quokka but do no damage. The quokka bites you.
The quokka closely misses you.
You barely miss the quokka. The quokka barely misses you.
You barely miss the quokka. The quokka barely misses you. x2
You closely miss the quokka. The quokka bites you.
* * * LOW HITPOINT WARNING * * *
You are too injured to fight recklessly!
You are too injured to fight recklessly!
You are too injured to fight recklessly!
You are too injured to fight recklessly!
You hit the quokka.
The quokka is lightly wounded.
The quokka barely misses you. The quokka bites you.
* * * LOW HITPOINT WARNING * * *
You completely miss the quokka.
The quokka is lightly wounded.
The quokka barely misses you.
You hit the quokka.
The quokka is moderately wounded.
The quokka bites you.
You die...

####.####..##...##.#
#+# ...........#
#####...####.#
##.........
#.#####.#. #.# ##'##
##...## #.@...#
#..r.......
#.........##
+.........+
#.........#
##...PPPPP#
##..P$$$P..
##.P=$$P##


You could see a quokka.

Vanquished Creatures
  A bat (D:1)
1 creature vanquished.

Notes
Turn   | Place    | Note
-------+----------+-------------------------------------------
     0 | D:1      | Aksej the Demonspawn Monk began the quest for the Orb.
     0 | D:1      | Reached XP level 1. HP: 18/18 MP: 1/1
    50 | D:1      | Found a faded altar of an unknown god.
   133 | D:1      | Slain by a quokka

Illustrated notes

Levels and vault maps discovered:
D:1:      nzn_arrival_crosshair, layout_loops_corners,
          dreamdust_ecumenical_altar_angels_and_demons, minmay_gold_behind_fungi

Action                   || total
-------------------------++-------
Melee: Mace              ||     9
Armor: Robe              ||     1
Dodge: Dodged            ||     7

Table legend: (Time is in decaauts)
 A = Elapsed time spent in this place.
 B = Non-inter-level travel time spent in this place.
 C = Inter-level travel time spent in this place.
 D = Time resting spent in this place.
 E = Time spent auto-exploring this place.
 F = Levels seen in this place.
 G = Mean time per level.
                   A        B        C        D        E       F      G
               +--------+--------+--------+--------+--------+-----+--------+
         Total |    135 |    135 |      0 |      0 |    119 |   1 |  135.0 |
       Dungeon |    135 |    135 |      0 |      0 |    119 |   1 |  135.0 |
               +--------+--------+--------+--------+--------+-----+--------+

Top non-repeatable levels by time:
     D:1: 135 daAuts
